cohdb
Replays
Latest Replays
All Replays
Popular Replays
Top Player Replays
Match Explorer
How It Works
Community
CoH3 Stats
Reddit
Sign in to upload your games and track your stats! →
Sign in with Steam
Match 43186533
Unlisted
Match 43186533
Overview
Messages
Build Orders
End
Panzergrenadier Squad
Selects Armored Support Battlegroup
250 Light Carrier
Panzergrenadier Squad
Construct Light Support Kompanie
Selects Superior Fire Drills
250 Light Carrier
Combat Half-tracks
2.5-tonne Medical Truck
Panzerjäger Mechanized Group
Selects Salvage Kits
Fire Support Elements
Construct Mechanized Kompanie
Tungsten Core Ammunition
Selects Salvage Kits
Selects Panzer Storm
Panzergrenadier Squad
BringDaRakuS
撒旦代言人
101师--林老虎
toumodafeiji
Jm200092
Lava Golem
E连 914
Elunie
0
0
Comments
sign in to comment!
No comments posted yet!